 Dungeon Crawl Stone Soup version 0.25.1-4-g9407a263a5 (webtiles) character file.

Game seed: 5351673639599095991

267 Clowwww the Chopper (level 6, 24/48 HPs)
             Began as a Demonspawn Berserker on Nov 27, 2020.
             Was a Believer of Trog.
             Quit the game on level 4 of the Dungeon.
             The game lasted 00:12:03 (3800 turns).

Clowwww the Chopper (Demonspawn Berserker)          Turns: 3800, Time: 00:12:03

Health: 24/48      AC:  2    Str: 19    XL:     6   Next: 0%
Magic:  6/6        EV: 13    Int:  8    God:    Trog [**....]
Gold:   98         SH:  0    Dex: 13    Spells: 5/5 levels left

rFire    . . .     SeeInvis .   a - +0 hand axe
rCold    . . .     Gourm    .   (no shield)
rNeg     . . .     Faith    .   b - +0 animal skin
rPois    .         Spirit   .   (no helmet)
rElec    .         Reflect  .   (no cloak)
rCorr    .         Harm     .   (no gloves)
MR       .....                  (no boots)
Stlth    ++........             (no amulet)
HPRegen  0.16/turn              (no ring)
MPRegen  0.10/turn              (no ring)

@: very slightly contaminated
A: claws 1, spiny 1, sturdy frame 1
a: Berserk, Trog's Hand, Renounce Religion


You were on level 4 of the Dungeon.
You worshipped Trog.
Trog was pleased with you.
You were hungry.

You visited 1 branch of the dungeon, and saw 4 of its levels.

You collected 98 gold pieces.

Inventory:

Hand Weapons
 a - a +0 hand axe (weapon)
Armour
 b - a +0 animal skin (worn)
 m - a +2 tower shield
 u - the +3 ring mail of the Heavens {Str+7}
   (You found it on level 4 of the Dungeon)

   It affects your strength (+7).
Scrolls
 i - a scroll of teleportation
 n - 2 scrolls of enchant weapon {unknown}
 o - 2 scrolls of remove curse {unknown}
 p - a scroll of fear {unknown}
 q - a scroll of enchant armour {unknown}
 t - a scroll of noise {unknown}
Potions
 e - a potion of might {unknown}
 g - a potion of stabbing {unknown}
 j - a potion of curing {unknown}
 l - 2 potions of mutation {unknown}
 r - a potion of haste {unknown}
 s - a potion of invisibility {unknown}
Comestibles
 c - 3 rations


   Skills:
 + Level 3.9 Fighting
 + Level 4.5 Axes
 + Level 1.9 Armour
 + Level 3.1 Dodging
 + Level 1.7 Stealth


You had 5 spell levels left.
You didn't know any spells.
Your spell library was empty.

Dungeon Overview and Level Annotations

Branches:
Dungeon (4/15)
 Temple: D:4-7

Altars:
Cheibriados
Ru
Trog


Innate Abilities, Weirdness & Mutations

You have sharp fingernails.
You are partially covered in sharp spines.
Your movements are slightly less encumbered by armour. (ER -2)


Message History

Blink to where?
Press: ? - help, Dir - move target cursor You are very lightly contaminated with residual magic.
As you read the scroll labeled KOAFYRPHAKEST, it crumbles to dust.
It was a scroll of blinking.
As you read the scroll labeled TIFIAT COALAT, it crumbles to dust.
You feel aware of your surroundings.
It was a scroll of magic mapping.
As you read the scroll labeled VOBIH IQODU, it crumbles to dust.
It is a scroll of identify.
u - the +3 ring mail of the Heavens {Str+7}
As you read the scroll of identify, it crumbles to dust.
m - a +2 tower shield
Okay, then.
You are feeling hungry.
Welcome back, Clowwww the Demonspawn Berserker.
Trog says: Kill them all!
Press ? for a list of commands and other information.
Unknown command.
Unknown command.
Are you sure you want to abandon this character and quit the game? (Confirm with "yes".)

*,*******,*#...# *,*,* *,*
***#...# *,*,* *** *,* #...#
*,*,* *,, *,* #...# *,*,* *,,
*,* #...# *,*,* *,, ###+###
##...#*******,*,***,, ......#
#....+,,,,,,,,,,,,+,, ......#
#....##************,, ......#
#...@.### *,, ......# #.....+.#
*,, ......# #.....#.# *,,
###'### #...รท...# *,, .##.#
#......########## *** ###.#
#......'........# *
#.#########......###..^...##***
#.........'......+.'........,,+
###########......###......##***


There were no monsters in sight!

Vanquished Creatures
  An ogre (D:3)
  An orc priest (D:2)
  An orc wizard (D:2)
  2 worker ant zombies (D:4)
  2 adders
  4 worms
  2 dart slugs
  2 leopard geckos (D:2)
  2 orcs (D:2)
  5 bats
  2 giant cockroaches (D:2)
  6 hobgoblins
  13 jackals
  6 kobolds
  4 quokkas
  4 frilled lizards
  4 goblins (D:2)
  A leopard gecko zombie (D:4)
  5 rats
67 creatures vanquished.

Vanquished Creatures (others)
  A wizard (D:3)
1 creature vanquished.

Grand Total: 68 creatures vanquished

Notes
Turn   | Place    | Note
-------+----------+-------------------------------------------
     0 | D:1      | Clowwww the Demonspawn Berserker began the quest for the
                  | Orb.
     0 | D:1      | Reached XP level 1. HP: 18/18 MP: 1/1
   354 | D:1      | Gained mutation: You are partially covered in sharp spines.
                  | [demonic ancestry]
   354 | D:1      | Reached XP level 2. HP: 24/24 MP: 2/2
   361 | D:1      | Reached skill level 3 in Axes
  1236 | D:2      | Reached XP level 3. HP: 21/29 MP: 3/3
  2029 | D:2      | Reached ** piety under Trog
  2029 | D:2      | Gained mutation: Your movements are slightly less
                  | encumbered by armour. (ER -2) [demonic ancestry]
  2029 | D:2      | Reached XP level 4. HP: 14/35 MP: 4/4
  2675 | D:2      | Found a sacrificial altar of Ru.
  2831 | D:3      | Noticed an ogre
  2842 | D:3      | Killed an ogre
  2842 | D:3      | Reached skill level 4 in Axes
  2842 | D:3      | Reached skill level 1 in Stealth
  2842 | D:3      | Reached XP level 5. HP: 29/42 MP: 5/5
  3208 | D:3      | Found a snail-covered altar of Cheibriados.
  3628 | D:3      | Found a bloodstained altar of Trog.
  3631 | D:3      | Noticed a wizard
  3636 | D:3      | Killed a wizard
  3764 | D:4      | Gained mutation: You have sharp fingernails. [demonic
                  | ancestry]
  3764 | D:4      | Reached XP level 6. HP: 18/48 MP: 6/6
  3768 | D:4      | Got a fine ring mail
  3776 | D:4      | Identified the +3 ring mail of the Heavens {Str+7} (You
                  | found it on level 4 of the Dungeon)
  3800 | D:4      | Quit the game

Illustrated notes

Levels and vault maps discovered:
D:1:      wander_arrival_lonely_grave, layout_basic, bh_walls_and_bars
D:2:      layout_loops_corners, nicolae_ru_path_of_blood
D:3:      layout_basic, kennysheep_slug_shrine, trog_wizard
D:4:      layout_basic, serial_undead, serial_undead_a, serial_undead_c,
          serial_undead_a, serial_undead_b

Skill      XL: |  1  2  3  4  5 |
---------------+----------------+-----
Axes           | 3 4 |  4.5
Dodging        | 2 3 |  3.1
Stealth        | 1 |  1.7
Fighting       | |  3.9
Armour         | |  1.9

Action                   |  1- 3 |  4- 6 || total
-------------------------+-------+-------++-------
Melee: Hand axe          |    81 |    94 ||   175
Invok: Berserk           |     2 |     1 ||     3
  Use: Scroll            |       |     6 ||     6
 Stab: Sleeping          |     1 |     3 ||     4
  Eat: Chunk             |     4 |     4 ||     8
       Ration            |       |     1 ||     1
Armor: Animal skin       |    10 |     9 ||    19
Dodge: Dodged            |    41 |    56 ||    97
